 Dungeon Sprint DCSS version 0.19.0-17-g07987d3 (webtiles) character file.

1507 LORDOFBUTT the Jinx (level 8, 0/36 HPs)
             Began as a Spriggan Enchanter on Nov 10, 2016.
             Was the Champion of Dithmenos.
             Slain by a yaktaur (5 damage)
             ... in the Dungeon (Sprint VII: "The Pits").
             The game lasted 00:05:53 (947 turns).

LORDOFBUTT the Jinx (Spriggan Enchanter)             Turns: 947, Time: 00:05:53

Health: 0/36       AC:  6    Str:  4    XL:     8   Next: 52%
Magic:  25/27      EV: 19    Int: 17    God:    Dithmenos [******]
Gold:   0          SH:  0    Dex: 21    Spells: 4 memorised, 26 levels left

rFire  . . .     SeeInvis +     t - +2 rapier (distort)
rCold  . . .     Gourm    .     b - +1 robe
rNeg   . . .     Faith    .     (shield restricted)
rPois  .         Spirit   .     (helmet restricted)
rElec  .         Reflect  .     (no cloak)
rCorr  .         Harm     .     (gloves unavailable)
MR     +....     NoTele   +     (boots unavailable)
Stlth  +++++++++.               (no amulet)
                                q - +3 ring of protection
                                p - +3 ring of dexterity

@: very slightly contaminated, wreathed by umbra, invisible, very quick
A: unfitting armour, see invisible, herbivore 3, speed 3, slow metabolism 2
a: Shadow Step, Shadow Form, Renounce Religion


You were in the Dungeon.
You worshipped Dithmenos.
Dithmenos was exalted by your worship.
You were not hungry.

You visited 1 branch

Inventory:

Hand Weapons
 t - a +2 rapier of distortion (weapon)
Armour
 b - a +1 robe (worn)
Jewellery
 p - a +3 ring of dexterity (left hand)
 q - a +3 ring of protection (right hand)
Scrolls
 j - a scroll of blinking
 l - 3 scrolls of remove curse
 m - 5 scrolls of amnesia
 n - a scroll of summoning
Potions
 e - 7 potions of curing
 f - a potion of mutation {unknown}
 g - a potion of haste
 h - 4 potions of magic
 i - 2 potions of berserk rage
 k - 12 potions of heal wounds
 r - a potion of agility
 s - a potion of cure mutation
Books
 c - a book of Maledictions

   Spells                             Type                      Level
   a - Corona                         Hexes                        1
   b - Ensorcelled Hibernation        Hexes/Ice                    2
   c - Confuse                        Hexes                        3
   d - Tukima's Dance                 Hexes                        3
   e - Dazzling Spray                 Conjuration/Hexes            3
Comestibles
 d - 8 bread rations
 o - 40 fruits


   Skills:
 - Level 1.1 Short Blades
 - Level 3.0 Dodging
 + Level 13.6 Stealth
 * Level 14.0 Spellcasting
 * Level 14.2 Hexes


You had 26 spell levels left.
You knew the following spells:

 Your Spells              Type           Power        Failure   Level  Hunger
a - Corona                Hex            ######.      0%          1    None
b - Ensorcelled Hibernat  Hex/Ice        #####.       1%          2    None
c - Confuse               Hex            ######..     1%          3    None
d - Tukima's Dance        Hex            ######..     1%          3    None


Dungeon Overview and Level Annotations

Branches:
Dungeon (1/1)

Altars:
Ashenzari
Cheibriados
Dithmenos
Elyvilon
Fedhas
Gozag
Hepliaklqana
Kikubaaqudgha
Makhleb
Nemelex Xobeh
Okawaru
Qazlal
Ru
Sif Muna
Trog
Uskayaw
Vehumet
Xom
Yredelemnul
Zin
The Shining One
Beogh
Jiyva
Lugonu


Innate Abilities, Weirdness & Mutations

You are very small and have problems with some larger weapons.
You are too small for most types of armour.
You have supernaturally acute eyesight. (SInv)
You are a herbivore.
You cover ground extremely quickly.
You need consume almost no food.


Message History

You feel much better.
You hit the yaktaur.
The yaktaur is lightly wounded.
The yaktaur unwields an uncursed arbalest.
The yaktaur barely misses you.
You hit the yaktaur.
Space warps horribly around the yaktaur!
The yaktaur is lightly wounded.
The yaktaur hits you! x2
* * * LOW HITPOINT WARNING * * *
You strike the helpless yaktaur from behind!
You impale the yaktaur!!
Space bends around the yaktaur.
The yaktaur is severely wounded.
You barely miss the yaktaur.
The yaktaur is severely wounded.
The yaktaur barely misses you.
You hit the yaktaur but do no damage.
The yaktaur looks slightly unstable.
The yaktaur is severely wounded.
The yaktaur misses you. The yaktaur hits you.
You die...

.....'................+
'#####......#..#......#
.#..##................#
.'..#####'#####''######
##[###.......##''#####
†...##.......##......#
....##.......##...†###
'#####...<...##§.§##.+
))..##.......##§@##..#
))..##.......##§c#.c#
######.......##§§#..#
.#..###########§§(..+
.#.############..#..#
.#†#....#..[[##..#..#
.#'#....#..[[##..##..#
.#.'..).'..))##...##.+
.#'#....#...)##....###


You could see a yaktaur.

Vanquished Creatures
  A tyrant leech (D)
  A flying skull (D)
  A bog body (D)
  Sigmund (D)
  A ynoxinul (D)
  A mottled dragon (D)
  An ice beast (D)
  2 eyes of draining (D)
  A necrophage (D)
  A crimson imp (D)
  2 orc priests (D)
  A jelly (D)
  An orc wizard (D)
  A gnoll (D)
  A river rat (D)
  An adder (D)
  An adder zombie (D)
  An adder skeleton (D)
  2 worms (D)
  4 orcs (D)
  2 bats (D)
  A goblin (D)
  3 jackals (D)
  A quokka (D)
  A ball python (D)
  A leopard gecko skeleton (D)
35 creatures vanquished.

Notes
Turn   | Place    | Note
-------+----------+-------------------------------------------
     0 | D        | LORDOFBUTT the Spriggan Enchanter began the quest for the Orb.
     0 | D        | Reached XP level 1. HP: 9/9 MP: 5/5
    10 | D        | Noticed a flying skull
   179 | D        | Found a radiant altar of Vehumet.
   179 | D        | Found a hide-covered altar of Uskayaw.
   179 | D        | Found an ancient bone altar of Kikubaaqudgha.
   179 | D        | Found a viscous altar of Jiyva.
   179 | D        | Found a hazy altar of Hepliaklqana.
   180 | D        | Found a bloodstained altar of Trog.
   180 | D        | Found a deep blue altar of Sif Muna.
   180 | D        | Found a sacrificial altar of Ru.
   180 | D        | Found a stormy altar of Qazlal.
   180 | D        | Found an iron altar of Okawaru.
   180 | D        | Found a sparkling altar of Nemelex Xobeh.
   180 | D        | Found an opulent altar of Gozag.
   180 | D        | Found a blossoming altar of Fedhas.
   180 | D        | Found a white marble altar of Elyvilon.
   180 | D        | Found a shadowy altar of Dithmenos.
   180 | D        | Found a snail-covered altar of Cheibriados.
   181 | D        | Found a glowing golden altar of the Shining One.
   181 | D        | Found a glowing silver altar of Zin.
   182 | D        | Found a burning altar of Makhleb.
   182 | D        | Found a basalt altar of Yredelemnul.
   182 | D        | Found a roughly hewn altar of Beogh.
   183 | D        | Found a corrupted altar of Lugonu.
   183 | D        | Found a shimmering altar of Xom.
   183 | D        | Found a shattered altar of Ashenzari.
   189 | D        | Became a worshipper of Dithmenos the Shadowed
   218 | D        | Reached skill level 5 in Stealth
   239 | D        | Reached * piety under Dithmenos
   257 | D        | Reached XP level 2. HP: 9/13 MP: 7/7
   270 | D        | Reached ** piety under Dithmenos
   277 | D        | Reached skill level 5 in Hexes
   282 | D        | Learned a level 2 spell: Ensorcelled Hibernation
   366 | D        | Noticed Sigmund
   370 | D        | Reached *** piety under Dithmenos
   370 | D        | Reached skill level 5 in Spellcasting
   370 | D        | Reached XP level 3. HP: 16/16 MP: 9/11
   381 | D        | Killed Sigmund
   381 | D        | Reached XP level 4. HP: 21/21 MP: 11/16
   381 | D        | Reached XP level 5. HP: 24/24 MP: 11/17
   383 | D        | Reached **** piety under Dithmenos
   388 | D        | Reached skill level 10 in Stealth
   388 | D        | Reached skill level 10 in Hexes
   388 | D        | Reached XP level 6. HP: 28/28 MP: 11/19
   400 | D        | Reached ***** piety under Dithmenos
   622 | D        | Noticed an ice beast
   624 | D        | Killed an ice beast
   624 | D        | Reached skill level 10 in Spellcasting
   630 | D        | Learned a level 3 spell: Confuse
   634 | D        | Learned a level 3 spell: Tukima's Dance
   634 | D        | Noticed a tyrant leech
   661 | D        | Killed a tyrant leech
   661 | D        | Reached XP level 7. HP: 32/32 MP: 18/23
   693 | D        | Noticed a bog body
   710 | D        | Killed a bog body
   833 | D        | Reached XP level 8. HP: 34/36 MP: 23/25
   903 | D        | Killed a flying skull
   903 | D        | Reached ****** piety under Dithmenos
   923 | D        | Noticed a yaktaur
   947 | D        | Slain by a yaktaur

Skill      XL: |  1  2  3  4  5  6  7  8 |
---------------+-------------------------+-----
Spellcasting   | 3 5 9 11 12 14 | 14.0
Hexes          | 4 6 9 10 12 13 14 | 14.2
Stealth        | 5 7 9 10 11 12 13 | 13.6
Short Blades   | |  1.1
Dodging        | |  3.0

Action                   |  1- 3 |  4- 6 |  7- 9 || total
-------------------------+-------+-------+-------++-------
Melee: Dagger            |    86 |    32 |    17 ||   135
       Rapier            |       |       |    25 ||    25
 Cast: Confuse           |       |     2 |     5 ||     7
  Use: Potion            |     4 |       |     2 ||     6
 Stab: Sleeping          |     3 |     1 |     5 ||     9
       Invisible         |     1 |     2 |     1 ||     4
       Confused          |       |     3 |     2 ||     5
Armor: Robe              |     7 |       |     3 ||    10
Dodge: Dodged            |    87 |    10 |    23 ||   120
